Wolfpack vs Silver Tips

Created - Monday, February 17, 2025 at 20:11

Goals
1 2 3 T
Wolfpack 0 0 0 0
Silver Tips 0 2 0 2
Shots
1 2 3 T
Wolfpack 6 3 11 20
Silver Tips 8 13 13 34

1st period

No Goal

Penalties :
Drew Helleson (HAR) for Slashing (Minor) at 5:40, Kailer Yamamoto (EVT) for Hooking (Minor) at 9:14, Erik Gustafsson (EVT) for Delaying the game (Minor) at 9:21, Nicolas Deslauriers (HAR) for Tripping (Minor) at 13:17, Dylan Holloway (EVT) for Roughing (Minor) at 13:57

2nd period

1. Silver Tips , Brock McGinn 11 (Dylan Holloway 24, Yegor Zamula 17) at 1:47 (PP)
2. Silver Tips , Kailer Yamamoto 19 (Samuel Fagemo 19, Yegor Zamula 18) at 3:42 (PP)

Penalties :
Colton White (HAR) for Interference (Minor) at 0:19, Will Butcher (HAR) for Tripping (Minor) at 2:39, Drake Caggiula (HAR) for Roughing (Double Minor) at 4:25, Josh Mahura (HAR) for Tripping (Minor) at 11:06, Jacob MacDonald (HAR) for High sticking (Minor) at 12:23, Elmer Soderblom (EVT) for Interference (Minor) at 18:29

3rd period

No Goal

Penalties :
Cole Schneider (HAR) for Roughing (Minor) at 5:53, Nicolas Deslauriers (HAR) for Hooking (Minor) at 9:55, Raphael Lavoie (EVT) for Holding (Minor) at 12:04, Drew Helleson (HAR) for Tripping (Minor) at 14:49, Nicolas Deslauriers (HAR) for High sticking (Minor) at 18:24

Goalie Stats

Jesper Wallstedt (HAR), 32 saves from 34 shots - (0.941), L, 31-19-9, 60:00 minutes
Joel Hofer (EVT), 20 saves from 20 shots - (1.000), W, 36-10-1, 60:00 minutes

Players Stats for Wolfpack

Player Name              G  A  P  +/- PIM S  H  SB GA TA FO     MP     PP MP  PK MP  
------------------------------------------------------------------------------------
Charles Hudon            0  0  0   0  0   2  1  0  0  0  14/22  22:49   2:42  12:07 
Cole Schneider           0  0  0   0  2   2  0  0  0  0  0/0     6:33   0:00   0:47 
Colton White             0  0  0   0  2   0  1  0  0  0  0/0    16:59   3:04   1:52 
Dillon Heatherington     0  0  0   0  0   0  3  5  0  0  0/0    20:59   0:50   9:18 
Drake Caggiula           0  0  0   0  4   3  1  0  0  0  2/4    14:33   3:15   5:56 
Drew Helleson            0  0  0   0  4   0  5  0  0  0  0/0    14:30   0:15   2:17 
Emil Bemstrom            0  0  0   0  0   3  2  0  0  0  2/2    24:16   3:02  10:52 
Gage Quinney             0  0  0   0  0   1  1  0  0  0  1/1    15:58   0:00   2:42 
Jacob MacDonald          0  0  0   0  2   3  3  1  0  0  0/0    21:09   3:25   8:29 
John Leonard             0  0  0   0  0   0  0  0  0  0  0/1    14:40   0:56   0:00 
Josh Mahura              0  0  0   0  2   0  1  0  0  0  0/0    23:38   2:29   8:19 
Mackenzie Entwistle      0  0  0   0  0   3  0  1  0  0  9/15   18:15   3:07   6:42 
Matthew Phillips         0  0  0   0  0   0  0  0  0  0  0/0     0:00   0:00   0:00 
Mavrik Bourque           0  0  0   0  0   1  0  0  0  0  10/15   8:47   3:16   0:34 
Nicolas Deslauriers      0  0  0   0  6   0  2  0  0  0  1/1    10:36   2:39   0:00 
Tyler Madden             0  0  0   0  0   0  0  0  0  0  5/8     5:47   0:00   0:00 
Vasili Ponomarev         0  0  0   0  0   2  3  0  0  0  5/14   16:11   1:15   0:00 
Will Butcher             0  0  0   0  2   0  1  1  0  0  0/0    22:11   3:25   9:10 

Players Stats for Silver Tips

Player Name              G  A  P  +/- PIM S  H  SB GA TA FO     MP     PP MP  PK MP  
------------------------------------------------------------------------------------
Adam Cracknell           0  0  0   0  0   0  0  0  0  0  0/2    12:06   1:27   2:40 
Brock McGinn             1  0  1   0  0   4  1  0  0  0  1/3    20:03   9:24   1:02 
Caleb Jones              0  0  0   0  0   3  0  3  0  0  0/0    21:31   9:18   3:22 
Chase De Leo             0  0  0   0  0   2  0  0  0  0  1/1    11:57   0:38   0:58 
David Jiricek            0  0  0   0  0   1  0  1  0  0  0/0    13:54   0:32   0:44 
Dylan Holloway           0  1  1   0  2   5  2  0  0  0  12/25  20:36   9:23   1:57 
Elmer Soderblom          0  0  0   0  2   1  3  0  0  0  2/4    18:39   9:24   0:00 
Erik Gustafsson          0  0  0   0  2   2  0  2  0  0  0/0    23:39  10:11   1:43 
Jeremy Davies            0  0  0   0  0   1  1  0  0  0  0/0    13:55   0:00   1:17 
Juuso Parssinen          0  0  0   0  0   0  1  0  0  0  6/23   18:41   9:43   2:25 
Kailer Yamamoto          1  0  1   0  2   4  0  0  0  0  0/1    21:56   9:56   1:02 
Marc Staal               0  0  0   0  0   2  3  0  0  0  0/0    24:39  10:07   2:47 
Nathan Todd              0  0  0   0  0   1  1  0  0  0  6/10   12:23   0:00   0:00 
Patrick Maroon           0  0  0   0  0   0  0  0  0  0  0/0     0:00   0:00   0:00 
Raphael Lavoie           0  0  0   0  2   4  2  0  0  0  6/14   13:48   0:00   1:32 
Rem Pitlick              0  0  0   0  0   0  0  0  0  0  0/0     0:05   0:00   0:00 
Samuel Fagemo            0  1  1   0  0   3  0  0  0  0  0/0    19:52   9:55   0:00 
Yegor Zamula             0  2  2   0  0   1  0  1  0  0  0/0    22:16   9:46   3:34 

3 Stars

1 - Joel Hofer (EVT)
2 - Jesper Wallstedt (HAR)
3 - Brock McGinn (EVT)

Power Play

Wolfpack - 0 on 5 Attempt(s) - 0.00%
Silver Tips - 2 on 12 Attempt(s) - 16.67%

Penalty Kill

Wolfpack - 10 on 12 Attempt(s) - 83.33% - Score 0 goal in Penalty Kill
Silver Tips - 5 on 5 Attempt(s) - 100.00% - Score 0 goal in Penalty Kill

Team Stat

Wolfpack - Hits : 24 - Faceoff Wins : 49 - Blocked Shots : 8 - Penalty Minutes : 24
Silver Tips - Hits : 14 - Faceoff Wins : 34 - Blocked Shots : 7 - Penalty Minutes : 10

Official

Referees : Tom Chmielewski and Garrett Rank
Linesman : Travis Gawryletz and Joseph Mahon

Game Notes

No Game Note

Finance

Level 1 -- Attendance: 1810 (90.50%) -- Ticket Income $63,350
Level 2 -- Attendance: 901 (90.10%) -- Ticket Income $13,515
Total Attendance: 2711 (90.37%)
Total Ticket Income: $76,865
Other Income: $37,664
Total Income: $114,529

Wolfpack

5 vs 5 Forward 
   Center                   Left Wing                Right Wing               Time % Phy DF OF 
 1 Mavrik Bourque           Emil Bemstrom            Drake Caggiula           25     1   2  2  
 2 Mackenzie Entwistle      Charles Hudon            Nicolas Deslauriers      25     1   2  2  
 3 Vasili Ponomarev         Gage Quinney             John Leonard             25     1   2  2  
 4 Tyler Madden             Cole Schneider           Emil Bemstrom            25     1   2  2  

5 vs 5 Defense 
   Defense                  Defense                                           Time % Phy DF OF 
 1 Colton White             Josh Mahura                                       25     1   2  2  
 2 Jacob MacDonald          Will Butcher                                      25     1   2  2  
 3 Dillon Heatherington     Drew Helleson                                     25     1   2  2  
 4 Colton White             Josh Mahura                                       25     1   2  2  

PowerPlay Forward 
   Center                   Left Wing                Right Wing               Time % Phy DF OF 
 1 Mavrik Bourque           Emil Bemstrom            Drake Caggiula           60     1   2  2  
 2 Mackenzie Entwistle      Charles Hudon            Nicolas Deslauriers      40     1   2  2  

PowerPlay Defense
   Defense                  Defense                                           Time % Phy DF OF 
 1 Colton White             Josh Mahura                                       60     1   2  2  
 2 Jacob MacDonald          Will Butcher                                      40     1   2  2  

Penalty Kill 4 Players Forward 
   Center                   Wing                     Time % Phy DF OF 
 1 Charles Hudon            Emil Bemstrom            60     1   2  2  
 2 Mackenzie Entwistle      Drake Caggiula           40     1   2  2  

Penalty Kill 4 Players Defense
   Defense                  Defense                  Time % Phy DF OF 
 1 Dillon Heatherington     Josh Mahura              60     1   2  2  
 2 Jacob MacDonald          Will Butcher             40     1   2  2  

Penalty Kill - 3 Players Forward 
   Forward                                           Time % Phy DF OF 
 1 Drake Caggiula                                    60     1   2  2  
 2 Emil Bemstrom                                     40     1   2  2  

Penalty Kill - 3 Players Defense
   Defense                  Defense                  Time % Phy DF OF 
 1 Colton White             Josh Mahura              60     1   2  2  
 2 Jacob MacDonald          Will Butcher             40     1   2  2  

4 vs 4 Forward 
   Center                   Wing                     Time % Phy DF OF 
 1 Vasili Ponomarev         Emil Bemstrom            60     1   2  2  
 2 Mackenzie Entwistle      Drake Caggiula           40     1   2  2  

4 vs 4 Defense
   Defense                  Defense                  Time % Phy DF OF 
 1 Drew Helleson            Josh Mahura              60     1   2  2  
 2 Jacob MacDonald          Will Butcher             40     1   2  2  

Last Minutes Offensive
   Center                   Left Wing                Right Wing               Defense                  Defense                  
   Mavrik Bourque           Emil Bemstrom            Drake Caggiula           Jacob MacDonald          Josh Mahura              

Last Minutes Defensive
   Center                   Left Wing                Right Wing               Defense                  Defense                  
   Mavrik Bourque           Emil Bemstrom            Drake Caggiula           Jacob MacDonald          Josh Mahura              

Goaltenders
Starting : Jesper Wallstedt         
Backup : Cal Petersen             

Extra Forwards
Normal : Vasili Ponomarev, John Leonard, Gage Quinney - PP : Vasili Ponomarev, John Leonard - PK : Gage Quinney
Extra Defensemen
Normal : Dillon Heatherington, Drew Helleson, Colton White - PP : Dillon Heatherington - PK : Drew Helleson, Colton White
Penalty Shots
John Leonard, Emil Bemstrom, Mackenzie Entwistle, Drake Caggiula, Charles Hudon
Custom OT Lines Forwards
Mavrik Bourque, Emil Bemstrom, Mackenzie Entwistle, Drake Caggiula, Charles Hudon, Nicolas Deslauriers, Vasili Ponomarev, John Leonard, Gage Quinney, Tyler Madden
Custom OT Lines Defensemen
Drew Helleson, Josh Mahura, Jacob MacDonald, Will Butcher, Dillon Heatherington

Scratches
Wade Allison (Healthy), Skyler Brind'Amour (Healthy), Montana Onyebuchi (Healthy), Matt Filipe (Healthy), Dave Gust (Healthy)
Marco Scandella (Broken Bone (Left Foot) Injury), Matt Kiersted (Healthy), Zach Sawchenko (Healthy)

Silver Tips

5 vs 5 Forward 
   Center                   Left Wing                Right Wing               Time % Phy DF OF 
 1 Juuso Parssinen          Nathan Todd              Kailer Yamamoto          25     1   2  2  
 2 Dylan Holloway           Elmer Soderblom          Brock McGinn             25     1   2  2  
 3 Raphael Lavoie           Chase De Leo             Samuel Fagemo            25     1   2  2  
 4 Nathan Todd              Kailer Yamamoto          Adam Cracknell           25     1   2  2  

5 vs 5 Defense 
   Defense                  Defense                                           Time % Phy DF OF 
 1 Erik Gustafsson          Marc Staal                                        25     1   2  2  
 2 Caleb Jones              Yegor Zamula                                      25     1   2  2  
 3 David Jiricek            Jeremy Davies                                     25     1   2  2  
 4 Erik Gustafsson          Marc Staal                                        25     1   2  2  

PowerPlay Forward 
   Center                   Left Wing                Right Wing               Time % Phy DF OF 
 1 Juuso Parssinen          Samuel Fagemo            Kailer Yamamoto          60     1   2  2  
 2 Dylan Holloway           Elmer Soderblom          Brock McGinn             40     1   2  2  

PowerPlay Defense
   Defense                  Defense                                           Time % Phy DF OF 
 1 Erik Gustafsson          Marc Staal                                        60     1   2  2  
 2 Caleb Jones              Yegor Zamula                                      40     1   2  2  

Penalty Kill 4 Players Forward 
   Center                   Wing                     Time % Phy DF OF 
 1 Dylan Holloway           Juuso Parssinen          60     1   2  2  
 2 Kailer Yamamoto          Brock McGinn             40     1   2  2  

Penalty Kill 4 Players Defense
   Defense                  Defense                  Time % Phy DF OF 
 1 Erik Gustafsson          Marc Staal               60     1   2  2  
 2 Caleb Jones              Yegor Zamula             40     1   2  2  

Penalty Kill - 3 Players Forward 
   Forward                                           Time % Phy DF OF 
 1 Kailer Yamamoto                                   60     1   2  2  
 2 Juuso Parssinen                                   40     1   2  2  

Penalty Kill - 3 Players Defense
   Defense                  Defense                  Time % Phy DF OF 
 1 Erik Gustafsson          Marc Staal               60     1   2  2  
 2 Caleb Jones              Yegor Zamula             40     1   2  2  

4 vs 4 Forward 
   Center                   Wing                     Time % Phy DF OF 
 1 Raphael Lavoie           Juuso Parssinen          60     1   2  2  
 2 Kailer Yamamoto          Brock McGinn             40     1   2  2  

4 vs 4 Defense
   Defense                  Defense                  Time % Phy DF OF 
 1 Erik Gustafsson          Marc Staal               60     1   2  2  
 2 Caleb Jones              Yegor Zamula             40     1   2  2  

Last Minutes Offensive
   Center                   Left Wing                Right Wing               Defense                  Defense                  
   Juuso Parssinen          Brock McGinn             Kailer Yamamoto          Erik Gustafsson          Marc Staal               

Last Minutes Defensive
   Center                   Left Wing                Right Wing               Defense                  Defense                  
   Juuso Parssinen          Brock McGinn             Kailer Yamamoto          Erik Gustafsson          Marc Staal               

Goaltenders
Starting : Joel Hofer               
Backup : Sebastian Cossa          

Extra Forwards
Normal : Juuso Parssinen, Samuel Fagemo, Raphael Lavoie - PP : Juuso Parssinen, Samuel Fagemo - PK : Raphael Lavoie
Extra Defensemen
Normal : David Jiricek, Jeremy Davies, Caleb Jones - PP : David Jiricek - PK : Jeremy Davies, Caleb Jones
Penalty Shots
Samuel Fagemo, Juuso Parssinen, Kailer Yamamoto, Brock McGinn, Dylan Holloway
Custom OT Lines Forwards
Adam Cracknell, Juuso Parssinen, Kailer Yamamoto, Brock McGinn, Dylan Holloway, Samuel Fagemo, Raphael Lavoie, Elmer Soderblom, Nathan Todd, Chase De Leo
Custom OT Lines Defensemen
Erik Gustafsson, Marc Staal, Caleb Jones, Yegor Zamula, David Jiricek

Scratches
Santtu Kinnunen (Healthy), Adam Ginning (Healthy), Henri Nikkanen (Healthy), William Trudeau (Healthy), Brendan Perlini (Healthy)
Tyce Thompson (Healthy), Mikael Pyyhtia (Healthy), Olle Lycksell (Healthy), Hayden Hodgson (Healthy), Adam Edstrom (Healthy)
Navrin Mutter (Healthy), Zack Ostapchuk (Healthy), Aku Raty (Healthy), Gustav Olofsson (Healthy), Alexander Kisakov (Healthy)
Maximus Wanner (Healthy), Andre Lee (Healthy), Carter Savoie (Healthy), Jeremy McKenna (Healthy), Ryan Hofer (Healthy)
Blade Jenkins (Healthy), Riley Sawchuk (Healthy), Judd Caulfield (Healthy), Tarun Fizer (Healthy), Jake Wise (Healthy)
Mitch Reinke (Healthy), Rourke Chartier (Healthy), Mike O'Leary (Healthy), Joel Teasdale (Healthy), Tate Singleton (Healthy)
Joseph Cecconi (Healthy), Peter DiLiberatore (Healthy), Leevi Merilainen (Healthy), Vadim Zherenko (Healthy), Remi Poirier (Healthy)
Colten Ellis (Healthy), Dustin Wolf (Healthy)

% Time on Ice - Wolfpack

Lines # - Real PCT - Wanted PCT - Time Play
Normal Forward
1 - 15% - 25% - 4:57
2 - 25% - 25% - 8:00
3 - 41% - 25% - 13:16
4 - 18% - 25% - 5:47
Normal Defense
1 - 18% - 25% - 5:43
2 - 27% - 25% - 8:43
3 - 35% - 25% - 11:13
4 - 20% - 25% - 6:21
PP Forward
1 - 54% - 60% - 3:37
2 - 46% - 40% - 3:07
PP Defense
1 - 46% - 60% - 3:04
2 - 54% - 40% - 3:40
PK Forward
1 - 65% - 60% - 12:27
2 - 35% - 40% - 6:48
PK Defense
1 - 52% - 60% - 10:01
2 - 48% - 40% - 9:14
PK3 Forward
1 - 88% - 60% - 0:37
2 - 12% - 40% - 0:05
PK3 Defense
1 - 62% - 60% - 0:26
2 - 38% - 40% - 0:16
44 Forward
1 - 67% - 60% - 0:53
2 - 33% - 40% - 0:26
44 Defense
1 - 59% - 60% - 0:47
2 - 41% - 40% - 0:32
Last Minute Offensive  - 0:00
Last Minute Defensive  - 0:00
Total
Forward - 60:00
Defense - 60:00

% Time on Ice - Silver Tips

Lines # - Real PCT - Wanted PCT - Time Play
Normal Forward
1 - 18% - 25% - 5:38
2 - 29% - 25% - 9:16
3 - 32% - 25% - 10:21
4 - 21% - 25% - 6:45
Normal Defense
1 - 17% - 25% - 5:21
2 - 27% - 25% - 8:32
3 - 39% - 25% - 12:38
4 - 17% - 25% - 5:29
PP Forward
1 - 53% - 60% - 10:33
2 - 47% - 40% - 9:24
PP Defense
1 - 51% - 60% - 10:11
2 - 49% - 40% - 9:46
PK Forward
1 - 79% - 60% - 3:50
2 - 21% - 40% - 1:02
PK Defense
1 - 36% - 60% - 1:44
2 - 64% - 40% - 3:08
PK3 Forward
1 - 100% - 60% - 1:52
2 - 0% - 40% - 0:00
PK3 Defense
1 - 77% - 60% - 1:26
2 - 23% - 40% - 0:26
44 Forward
1 - 77% - 60% - 1:01
2 - 23% - 40% - 0:18
44 Defense
1 - 70% - 60% - 0:55
2 - 30% - 40% - 0:24
Last Minute Offensive  - 0:00
Last Minute Defensive  - 0:00
Total
Forward - 60:00
Defense - 60:00

Play-by-Play

1st period


0:01 of 1st period - Juuso Parssinen wins face-off versus Mavrik Bourque in neutral zone.
0:23 of 1st period - Emil Bemstrom is hit by Nathan Todd and loses puck.
0:28 of 1st period - Shot by Emil Bemstrom.
0:28 of 1st period - Shot Blocked by Erik Gustafsson.
0:30 of 1st period - Shot by Mavrik Bourque.
0:30 of 1st period - Stopped by Joel Hofer with a rebound.
0:32 of 1st period - Shot by Mavrik Bourque.
0:32 of 1st period - Shot Misses the Net.
0:37 of 1st period - Drake Caggiula is hit by Marc Staal and loses puck.
1:41 of 1st period - Shot by Samuel Fagemo.
1:41 of 1st period - Shot Misses the Net.
1:45 of 1st period - Shot by Samuel Fagemo.
1:45 of 1st period - Deflect By Chase De Leo.
1:45 of 1st period - Shot Misses the Net.
1:47 of 1st period - Shot by Raphael Lavoie.
1:47 of 1st period - Stopped by Jesper Wallstedt without a rebound.
1:48 of 1st period - Vasili Ponomarev wins face-off versus Raphael Lavoie in Wolfpack zone.
1:53 of 1st period - Shot by John Leonard.
1:53 of 1st period - Shot Blocked by David Jiricek.
3:21 of 1st period - Shot by Dylan Holloway.
3:21 of 1st period - Stopped by Jesper Wallstedt without a rebound.
3:22 of 1st period - Mavrik Bourque wins face-off versus Raphael Lavoie in Wolfpack zone.
3:33 of 1st period - Shot by Emil Bemstrom.
3:33 of 1st period - Stopped by Joel Hofer without a rebound.
3:34 of 1st period - Tyler Madden wins face-off versus Dylan Holloway in Silver Tips zone.
3:50 of 1st period - Icing by Jacob MacDonald.
3:51 of 1st period - Tyler Madden wins face-off versus Nathan Todd in Wolfpack zone.
4:12 of 1st period - Shot by Kailer Yamamoto.
4:12 of 1st period - Stopped by Jesper Wallstedt without a rebound.
4:13 of 1st period - Mackenzie Entwistle wins face-off versus Raphael Lavoie in Wolfpack zone.
4:57 of 1st period - Icing by Chase De Leo.
4:58 of 1st period - Chase De Leo wins face-off versus Vasili Ponomarev in Silver Tips zone.
4:58 of 1st period - Chase De Leo is hit by Vasili Ponomarev.
5:05 of 1st period - Off-side.
5:06 of 1st period - Vasili Ponomarev wins face-off versus Juuso Parssinen in neutral zone.
5:40 of 1st period - Minor Penalty to Drew Helleson for Slashing.
5:41 of 1st period - Charles Hudon wins face-off versus Brock McGinn in Wolfpack zone.
6:12 of 1st period - Icing by Brock McGinn.
6:13 of 1st period - Mackenzie Entwistle wins face-off versus Dylan Holloway in Silver Tips zone.
7:02 of 1st period - Icing by Marc Staal.
7:03 of 1st period - Charles Hudon wins face-off versus Juuso Parssinen in Silver Tips zone.
8:34 of 1st period - Icing by Colton White.
8:35 of 1st period - Vasili Ponomarev wins face-off versus Dylan Holloway in Wolfpack zone.
9:14 of 1st period - Minor Penalty to Kailer Yamamoto for Hooking.
9:15 of 1st period - Mavrik Bourque wins face-off versus Raphael Lavoie in Silver Tips zone.
9:17 of 1st period - Emil Bemstrom is hit by Marc Staal and loses puck.
9:20 of 1st period - Shot by Jacob MacDonald.
9:20 of 1st period - Shot Blocked by Erik Gustafsson.
9:21 of 1st period - Minor Penalty to Erik Gustafsson for Delaying the game.
9:22 of 1st period - Raphael Lavoie wins face-off versus Mavrik Bourque in Silver Tips zone.
9:22 of 1st period - Raphael Lavoie is hit by Emil Bemstrom.
9:34 of 1st period - Shot by Jacob MacDonald.
9:34 of 1st period - Stopped by Joel Hofer without a rebound.
9:35 of 1st period - Charles Hudon wins face-off versus Raphael Lavoie in Silver Tips zone.
9:36 of 1st period - Shot by Mackenzie Entwistle.
9:36 of 1st period - Stopped by Joel Hofer without a rebound.
9:37 of 1st period - Mavrik Bourque wins face-off versus Raphael Lavoie in Silver Tips zone.
11:42 of 1st period - Shot by Dylan Holloway.
11:42 of 1st period - Stopped by Jesper Wallstedt without a rebound.
11:43 of 1st period - Juuso Parssinen wins face-off versus John Leonard in Wolfpack zone.
12:01 of 1st period - Nathan Todd is hit by Drew Helleson and loses puck.
12:10 of 1st period - Shot by Kailer Yamamoto.
12:10 of 1st period - Shot Misses the Net.
12:35 of 1st period - Off-side.
12:36 of 1st period - Dylan Holloway wins face-off versus Mavrik Bourque in neutral zone.
12:43 of 1st period - Shot by Brock McGinn.
12:43 of 1st period - Stopped by Jesper Wallstedt with a rebound.
12:55 of 1st period - Shot by Emil Bemstrom.
12:55 of 1st period - Deflect By Mavrik Bourque.
12:55 of 1st period - Shot Misses the Net.
13:17 of 1st period - Minor Penalty to Nicolas Deslauriers for Tripping.
13:18 of 1st period - Charles Hudon wins face-off versus Juuso Parssinen in Wolfpack zone.
13:27 of 1st period - Shot by Yegor Zamula.
13:27 of 1st period - Stopped by Jesper Wallstedt without a rebound.
13:28 of 1st period - Charles Hudon wins face-off versus Juuso Parssinen in Wolfpack zone.
13:53 of 1st period - Shot by Caleb Jones.
13:53 of 1st period - Stopped by Jesper Wallstedt without a rebound.
13:54 of 1st period - Charles Hudon wins face-off versus Elmer Soderblom in Wolfpack zone.
13:54 of 1st period - Charles Hudon is hit by Elmer Soderblom.
13:57 of 1st period - Minor Penalty to Dylan Holloway for Roughing.
13:58 of 1st period - Vasili Ponomarev wins face-off versus Raphael Lavoie in Silver Tips zone.
14:39 of 1st period - Erik Gustafsson is hit by Vasili Ponomarev and loses puck.
14:55 of 1st period - Icing by Jacob MacDonald.
14:56 of 1st period - Mackenzie Entwistle wins face-off versus Brock McGinn in Wolfpack zone.
14:56 of 1st period - Mackenzie Entwistle is hit by Brock McGinn.
15:10 of 1st period - Shot by Mackenzie Entwistle.
15:10 of 1st period - Stopped by Joel Hofer without a rebound.
15:11 of 1st period - Vasili Ponomarev wins face-off versus Raphael Lavoie in Silver Tips zone.
15:18 of 1st period - Shot by Mackenzie Entwistle.
15:18 of 1st period - Shot Blocked by Caleb Jones.
16:21 of 1st period - Off-side.
16:22 of 1st period - Tyler Madden wins face-off versus Juuso Parssinen in neutral zone.
16:29 of 1st period - Shot by Jacob MacDonald.
16:29 of 1st period - Stopped by Joel Hofer with a rebound.
16:44 of 1st period - Kailer Yamamoto is hit by Will Butcher and loses puck.
17:04 of 1st period - Chase De Leo is hit by Jacob MacDonald and loses puck.
17:29 of 1st period - Shot by Samuel Fagemo.
17:29 of 1st period - Deflect By Raphael Lavoie.
17:29 of 1st period - Stopped by Jesper Wallstedt with a rebound.
17:43 of 1st period - Dylan Holloway is hit by Emil Bemstrom and loses puck.
19:05 of 1st period - Icing by Marc Staal.
19:06 of 1st period - Nathan Todd wins face-off versus Vasili Ponomarev in Silver Tips zone.
19:33 of 1st period - Off-side.
19:34 of 1st period - Nicolas Deslauriers wins face-off versus Dylan Holloway in neutral zone.
Goals for this period are 0 for Wolfpack vs 0 for Silver Tips.
Shots for this period are 6 for Wolfpack vs 8 for Silver Tips.

2nd period


0:01 of 2nd period - Mavrik Bourque wins face-off versus Nathan Todd in neutral zone.
0:07 of 2nd period - Icing by Marc Staal.
0:08 of 2nd period - Mavrik Bourque wins face-off versus Nathan Todd in Silver Tips zone.
0:08 of 2nd period - Emil Bemstrom is hit by Marc Staal.
0:11 of 2nd period - Icing by Nathan Todd.
0:12 of 2nd period - Nathan Todd wins face-off versus Drake Caggiula in Silver Tips zone.
0:12 of 2nd period - Nathan Todd is hit by Drake Caggiula.
0:19 of 2nd period - Minor Penalty to Colton White for Interference.
0:20 of 2nd period - Juuso Parssinen wins face-off versus Charles Hudon in Wolfpack zone.
0:26 of 2nd period - Juuso Parssinen is hit by Dillon Heatherington and loses puck.
0:36 of 2nd period - Samuel Fagemo is hit by Dillon Heatherington and loses puck.
1:45 of 2nd period - Shot by Dylan Holloway.
1:45 of 2nd period - Shot Blocked by Dillon Heatherington.
1:47 of 2nd period - Shot by Brock McGinn.
1:47 of 2nd period - Goal by Brock McGinn - Wolfpack : 0 - Silver Tips : 1.
1:48 of 2nd period - Raphael Lavoie wins face-off versus Vasili Ponomarev in neutral zone.
1:50 of 2nd period - Off-side.
1:51 of 2nd period - Raphael Lavoie wins face-off versus Vasili Ponomarev in neutral zone.
1:51 of 2nd period - David Jiricek is hit by Gage Quinney and loses puck.
2:37 of 2nd period - Will Butcher is hit by Dylan Holloway and loses puck.
2:39 of 2nd period - Minor Penalty to Will Butcher for Tripping.
2:40 of 2nd period - Dylan Holloway wins face-off versus Charles Hudon in Wolfpack zone.
2:58 of 2nd period - Shot by Elmer Soderblom.
2:58 of 2nd period - Shot Misses the Net.
3:28 of 2nd period - Shot by Mackenzie Entwistle.
3:28 of 2nd period - Stopped by Joel Hofer without a rebound.
3:29 of 2nd period - Mackenzie Entwistle wins face-off versus Juuso Parssinen in Silver Tips zone.
3:38 of 2nd period - Shot by Yegor Zamula.
3:38 of 2nd period - Shot Blocked by Mackenzie Entwistle.
3:40 of 2nd period - Shot by Samuel Fagemo.
3:40 of 2nd period - Shot Misses the Net.
3:42 of 2nd period - Shot by Kailer Yamamoto.
3:42 of 2nd period - Goal by Kailer Yamamoto - Wolfpack : 0 - Silver Tips : 2.
3:43 of 2nd period - Nathan Todd wins face-off versus Vasili Ponomarev in neutral zone.
4:18 of 2nd period - Shot by Vasili Ponomarev.
4:18 of 2nd period - Stopped by Joel Hofer without a rebound.
4:19 of 2nd period - Drake Caggiula wins face-off versus Elmer Soderblom in Silver Tips zone.
4:25 of 2nd period - Double Minor Penalty to Drake Caggiula for Roughing.
4:26 of 2nd period - Charles Hudon wins face-off versus Dylan Holloway in Wolfpack zone.
4:51 of 2nd period - Icing by Brock McGinn.
4:52 of 2nd period - Dylan Holloway wins face-off versus Charles Hudon in Silver Tips zone.
5:21 of 2nd period - Caleb Jones is hit by Charles Hudon and loses puck.
6:12 of 2nd period - Jacob MacDonald is hit by Elmer Soderblom.
6:16 of 2nd period - Shot by Erik Gustafsson.
6:16 of 2nd period - Stopped by Jesper Wallstedt without a rebound.
6:17 of 2nd period - Mackenzie Entwistle wins face-off versus Juuso Parssinen in Wolfpack zone.
7:26 of 2nd period - Icing by Erik Gustafsson.
7:27 of 2nd period - Charles Hudon wins face-off versus Kailer Yamamoto in Silver Tips zone.
7:44 of 2nd period - Shot by Caleb Jones.
7:44 of 2nd period - Stopped by Jesper Wallstedt without a rebound.
7:45 of 2nd period - Gage Quinney wins face-off versus Dylan Holloway in Wolfpack zone.
8:00 of 2nd period - Shot by Caleb Jones.
8:00 of 2nd period - Stopped by Jesper Wallstedt without a rebound.
8:01 of 2nd period - Elmer Soderblom wins face-off versus Charles Hudon in Wolfpack zone.
8:51 of 2nd period - Off-side.
8:52 of 2nd period - Dylan Holloway wins face-off versus Mavrik Bourque in neutral zone.
8:57 of 2nd period - Shot by Brock McGinn.
8:57 of 2nd period - Shot Blocked by Dillon Heatherington.
9:15 of 2nd period - Shot by Drake Caggiula.
9:15 of 2nd period - Shot Misses the Net.
9:19 of 2nd period - Shot by Drake Caggiula.
9:19 of 2nd period - Shot Blocked by Caleb Jones.
9:21 of 2nd period - Shot by Drake Caggiula.
9:21 of 2nd period - Shot Misses the Net.
10:03 of 2nd period - Icing by Raphael Lavoie.
10:04 of 2nd period - Raphael Lavoie wins face-off versus Vasili Ponomarev in Silver Tips zone.
10:04 of 2nd period - Raphael Lavoie is hit by Vasili Ponomarev.
10:30 of 2nd period - Shot by Nathan Todd.
10:30 of 2nd period - Shot Misses the Net.
10:32 of 2nd period - Shot by Kailer Yamamoto.
10:32 of 2nd period - Shot Misses the Net.
10:39 of 2nd period - Nathan Todd is hit by Colton White and loses puck.
11:04 of 2nd period - Shot by Brock McGinn.
11:04 of 2nd period - Shot Misses the Net.
11:06 of 2nd period - Shot by Caleb Jones.
11:06 of 2nd period - Deflect By Dylan Holloway.
11:06 of 2nd period - Stopped by Jesper Wallstedt without a rebound.
11:06 of 2nd period - Minor Penalty to Josh Mahura for Tripping.
11:07 of 2nd period - Emil Bemstrom wins face-off versus Juuso Parssinen in Wolfpack zone.
11:15 of 2nd period - Off-side.
11:16 of 2nd period - Charles Hudon wins face-off versus Dylan Holloway in neutral zone.
11:16 of 2nd period - Jacob MacDonald is hit by Elmer Soderblom and loses puck.
11:31 of 2nd period - Shot by Marc Staal.
11:31 of 2nd period - Stopped by Jesper Wallstedt without a rebound.
11:32 of 2nd period - Emil Bemstrom wins face-off versus Juuso Parssinen in Wolfpack zone.
12:23 of 2nd period - Minor Penalty to Jacob MacDonald for High sticking.
12:24 of 2nd period - Dylan Holloway wins face-off versus Drake Caggiula in Wolfpack zone.
12:31 of 2nd period - Shot by Erik Gustafsson.
12:31 of 2nd period - Shot Misses the Net.
12:33 of 2nd period - Shot by Marc Staal.
12:33 of 2nd period - Stopped by Jesper Wallstedt without a rebound.
12:34 of 2nd period - Drake Caggiula wins face-off versus Juuso Parssinen in Wolfpack zone.
14:18 of 2nd period - Shot by David Jiricek.
14:18 of 2nd period - Stopped by Jesper Wallstedt without a rebound.
14:19 of 2nd period - Mackenzie Entwistle wins face-off versus Adam Cracknell in Wolfpack zone.
14:44 of 2nd period - Shot by Jeremy Davies.
14:44 of 2nd period - Stopped by Jesper Wallstedt without a rebound.
14:45 of 2nd period - Nathan Todd wins face-off versus Mackenzie Entwistle in Wolfpack zone.
15:33 of 2nd period - Shot by Will Butcher.
15:33 of 2nd period - Shot Misses the Net.
16:03 of 2nd period - Off-side.
16:04 of 2nd period - Dylan Holloway wins face-off versus Mavrik Bourque in neutral zone.
16:11 of 2nd period - Shot by Brock McGinn.
16:11 of 2nd period - Shot Misses the Net.
16:26 of 2nd period - Shot by Brock McGinn.
16:26 of 2nd period - Stopped by Jesper Wallstedt with a rebound.
16:28 of 2nd period - Shot by Dylan Holloway.
16:28 of 2nd period - Shot Blocked by Dillon Heatherington.
16:30 of 2nd period - Shot by Caleb Jones.
16:30 of 2nd period - Shot Misses the Net.
16:53 of 2nd period - Yegor Zamula is hit by Drew Helleson and loses puck.
17:19 of 2nd period - Shot by Samuel Fagemo.
17:19 of 2nd period - Stopped by Jesper Wallstedt with a rebound.
17:37 of 2nd period - Shot by Samuel Fagemo.
17:37 of 2nd period - Stopped by Jesper Wallstedt with a rebound.
17:46 of 2nd period - Icing by Mackenzie Entwistle.
17:47 of 2nd period - Juuso Parssinen wins face-off versus Mackenzie Entwistle in Wolfpack zone.
17:54 of 2nd period - Shot by Mackenzie Entwistle.
17:54 of 2nd period - Shot Misses the Net.
18:29 of 2nd period - Minor Penalty to Elmer Soderblom for Interference.
18:30 of 2nd period - Mavrik Bourque wins face-off versus Juuso Parssinen in Silver Tips zone.
19:16 of 2nd period - Shot by Charles Hudon.
19:16 of 2nd period - Shot Blocked by Yegor Zamula.
19:18 of 2nd period - Shot by Charles Hudon.
19:18 of 2nd period - Stopped by Joel Hofer with a rebound.
19:20 of 2nd period - Shot by Josh Mahura.
19:20 of 2nd period - Shot Misses the Net.
Goals for this period are 0 for Wolfpack vs 2 for Silver Tips.
Shots for this period are 3 for Wolfpack vs 13 for Silver Tips.

3rd period


0:01 of 3rd period - Mavrik Bourque wins face-off versus Dylan Holloway in neutral zone.
0:55 of 3rd period - Shot by Adam Cracknell.
0:55 of 3rd period - Shot Blocked by Will Butcher.
1:01 of 3rd period - Shot by Kailer Yamamoto.
1:01 of 3rd period - Stopped by Jesper Wallstedt without a rebound.
1:02 of 3rd period - Raphael Lavoie wins face-off versus Vasili Ponomarev in Wolfpack zone.
2:07 of 3rd period - Shot by Emil Bemstrom.
2:07 of 3rd period - Stopped by Joel Hofer with a rebound.
2:09 of 3rd period - Shot by Cole Schneider.
2:09 of 3rd period - Shot Misses the Net.
2:11 of 3rd period - Shot by Tyler Madden.
2:11 of 3rd period - Shot Misses the Net.
2:51 of 3rd period - Shot by Nicolas Deslauriers.
2:51 of 3rd period - Shot Misses the Net.
3:08 of 3rd period - Kailer Yamamoto is hit by Jacob MacDonald and loses puck.
3:12 of 3rd period - Nathan Todd is hit by Jacob MacDonald and loses puck.
3:36 of 3rd period - Shot by Gage Quinney.
3:36 of 3rd period - Stopped by Joel Hofer without a rebound.
3:37 of 3rd period - Mavrik Bourque wins face-off versus Dylan Holloway in Silver Tips zone.
4:10 of 3rd period - Shot by Brock McGinn.
4:10 of 3rd period - Deflect By Dylan Holloway.
4:10 of 3rd period - Stopped by Jesper Wallstedt without a rebound.
4:11 of 3rd period - Nathan Todd wins face-off versus Vasili Ponomarev in Wolfpack zone.
4:16 of 3rd period - Shot by Kailer Yamamoto.
4:16 of 3rd period - Deflect By Nathan Todd.
4:16 of 3rd period - Stopped by Jesper Wallstedt without a rebound.
4:17 of 3rd period - Dylan Holloway wins face-off versus Vasili Ponomarev in Wolfpack zone.
4:45 of 3rd period - Off-side.
4:46 of 3rd period - Raphael Lavoie wins face-off versus Mackenzie Entwistle in neutral zone.
5:34 of 3rd period - Shot by Kailer Yamamoto.
5:34 of 3rd period - Stopped by Jesper Wallstedt without a rebound.
5:35 of 3rd period - Tyler Madden wins face-off versus Nathan Todd in Wolfpack zone.
5:53 of 3rd period - Minor Penalty to Cole Schneider for Roughing.
5:54 of 3rd period - Elmer Soderblom wins face-off versus Charles Hudon in Wolfpack zone.
6:27 of 3rd period - Icing by Brock McGinn.
6:28 of 3rd period - Mackenzie Entwistle wins face-off versus Dylan Holloway in Silver Tips zone.
6:29 of 3rd period - Shot by Drake Caggiula.
6:29 of 3rd period - Stopped by Joel Hofer with a rebound.
6:31 of 3rd period - Shot by Will Butcher.
6:31 of 3rd period - Shot Misses the Net.
6:39 of 3rd period - Shot by Jacob MacDonald.
6:39 of 3rd period - Stopped by Joel Hofer with a rebound.
6:41 of 3rd period - Shot by Drake Caggiula.
6:41 of 3rd period - Stopped by Joel Hofer with a rebound.
6:43 of 3rd period - Shot by Jacob MacDonald.
6:43 of 3rd period - Shot Misses the Net.
6:45 of 3rd period - Shot by Drake Caggiula.
6:45 of 3rd period - Stopped by Joel Hofer without a rebound.
6:46 of 3rd period - Charles Hudon wins face-off versus Juuso Parssinen in Silver Tips zone.
6:51 of 3rd period - Shot by Charles Hudon.
6:51 of 3rd period - Stopped by Joel Hofer without a rebound.
6:52 of 3rd period - Juuso Parssinen wins face-off versus Charles Hudon in Silver Tips zone.
7:06 of 3rd period - Icing by Samuel Fagemo.
7:07 of 3rd period - Charles Hudon wins face-off versus Juuso Parssinen in Silver Tips zone.
8:05 of 3rd period - Shot by Vasili Ponomarev.
8:05 of 3rd period - Stopped by Joel Hofer with a rebound.
8:43 of 3rd period - Shot by Raphael Lavoie.
8:43 of 3rd period - Stopped by Jesper Wallstedt with a rebound.
8:45 of 3rd period - Shot by Raphael Lavoie.
8:45 of 3rd period - Stopped by Jesper Wallstedt with a rebound.
8:47 of 3rd period - Shot by Chase De Leo.
8:47 of 3rd period - Shot Blocked by Dillon Heatherington.
8:51 of 3rd period - Shot by Chase De Leo.
8:51 of 3rd period - Stopped by Jesper Wallstedt with a rebound.
8:55 of 3rd period - Shot by Raphael Lavoie.
8:55 of 3rd period - Shot Blocked by Dillon Heatherington.
9:27 of 3rd period - Icing by Caleb Jones.
9:28 of 3rd period - Nathan Todd wins face-off versus Tyler Madden in Silver Tips zone.
9:43 of 3rd period - Shot by Cole Schneider.
9:43 of 3rd period - Shot Misses the Net.
9:45 of 3rd period - Shot by Tyler Madden.
9:45 of 3rd period - Shot Blocked by Caleb Jones.
9:47 of 3rd period - Shot by Emil Bemstrom.
9:47 of 3rd period - Shot Misses the Net.
9:53 of 3rd period - Shot by Cole Schneider.
9:53 of 3rd period - Stopped by Joel Hofer without a rebound.
9:54 of 3rd period - Dylan Holloway wins face-off versus Mackenzie Entwistle in Silver Tips zone.
9:54 of 3rd period - Dylan Holloway is hit by Nicolas Deslauriers.
9:55 of 3rd period - Minor Penalty to Nicolas Deslauriers for Hooking.
9:56 of 3rd period - Dylan Holloway wins face-off versus Charles Hudon in Wolfpack zone.
9:59 of 3rd period - Shot by Marc Staal.
9:59 of 3rd period - Deflect By Brock McGinn.
9:59 of 3rd period - Stopped by Jesper Wallstedt without a rebound.
10:00 of 3rd period - Dylan Holloway wins face-off versus Charles Hudon in Wolfpack zone.
10:24 of 3rd period - Shot by Brock McGinn.
10:24 of 3rd period - Deflect By Elmer Soderblom.
10:24 of 3rd period - Shot Blocked by Jacob MacDonald.
10:26 of 3rd period - Shot by Elmer Soderblom.
10:26 of 3rd period - Stopped by Jesper Wallstedt without a rebound.
10:27 of 3rd period - Mackenzie Entwistle wins face-off versus Juuso Parssinen in Wolfpack zone.
10:53 of 3rd period - Shot by Samuel Fagemo.
10:53 of 3rd period - Stopped by Jesper Wallstedt without a rebound.
10:54 of 3rd period - Brock McGinn wins face-off versus Mackenzie Entwistle in Wolfpack zone.
11:39 of 3rd period - Drake Caggiula is hit by Dylan Holloway and loses puck.
12:00 of 3rd period - Gage Quinney is hit by Raphael Lavoie and loses puck.
12:04 of 3rd period - Minor Penalty to Raphael Lavoie for Holding.
12:05 of 3rd period - Mavrik Bourque wins face-off versus Adam Cracknell in Silver Tips zone.
12:10 of 3rd period - Shot by Emil Bemstrom.
12:10 of 3rd period - Stopped by Joel Hofer without a rebound.
12:11 of 3rd period - Dylan Holloway wins face-off versus Mackenzie Entwistle in Silver Tips zone.
14:36 of 3rd period - Shot by Chase De Leo.
14:36 of 3rd period - Stopped by Jesper Wallstedt without a rebound.
14:37 of 3rd period - Dylan Holloway wins face-off versus Tyler Madden in Wolfpack zone.
14:37 of 3rd period - Brock McGinn is hit by Dillon Heatherington and loses puck.
14:44 of 3rd period - Brock McGinn is hit by Drew Helleson and loses puck.
14:49 of 3rd period - Shot by Dylan Holloway.
14:49 of 3rd period - Stopped by Jesper Wallstedt without a rebound.
14:49 of 3rd period - Minor Penalty to Drew Helleson for Tripping.
14:50 of 3rd period - Charles Hudon wins face-off versus Juuso Parssinen in Wolfpack zone.
14:56 of 3rd period - Josh Mahura is hit by Juuso Parssinen and loses puck.
15:48 of 3rd period - Shot by Elmer Soderblom.
15:48 of 3rd period - Shot Misses the Net.
15:50 of 3rd period - Shot by Dylan Holloway.
15:50 of 3rd period - Shot Misses the Net.
15:52 of 3rd period - Shot by Brock McGinn.
15:52 of 3rd period - Shot Misses the Net.
15:54 of 3rd period - Shot by Elmer Soderblom.
15:54 of 3rd period - Shot Misses the Net.
16:51 of 3rd period - Icing by Tyler Madden.
16:52 of 3rd period - Tyler Madden wins face-off versus Dylan Holloway in Wolfpack zone.
16:58 of 3rd period - Icing by Vasili Ponomarev.
16:59 of 3rd period - Juuso Parssinen wins face-off versus Tyler Madden in Wolfpack zone.
16:59 of 3rd period - Raphael Lavoie is hit by Drew Helleson and loses puck.
17:13 of 3rd period - Nathan Todd is hit by Drew Helleson.
17:28 of 3rd period - Vasili Ponomarev is hit by Jeremy Davies and loses puck.
17:31 of 3rd period - Shot by Cole Schneider.
17:31 of 3rd period - Stopped by Joel Hofer with a rebound.
17:38 of 3rd period - Icing by Raphael Lavoie.
17:39 of 3rd period - Mavrik Bourque wins face-off versus Juuso Parssinen in Silver Tips zone.
17:46 of 3rd period - Emil Bemstrom is hit by Raphael Lavoie and loses puck.
18:00 of 3rd period - Icing by Marc Staal.
18:01 of 3rd period - Mackenzie Entwistle wins face-off versus Dylan Holloway in Silver Tips zone.
18:12 of 3rd period - Marc Staal is hit by Nicolas Deslauriers and loses puck.
18:20 of 3rd period - Erik Gustafsson is hit by Josh Mahura and loses puck.
18:24 of 3rd period - Minor Penalty to Nicolas Deslauriers for High sticking.
18:25 of 3rd period - Charles Hudon wins face-off versus Juuso Parssinen in Wolfpack zone.
19:20 of 3rd period - Shot by Brock McGinn.
19:20 of 3rd period - Shot Misses the Net.
19:22 of 3rd period - Shot by Erik Gustafsson.
19:22 of 3rd period - Stopped by Jesper Wallstedt without a rebound.
19:23 of 3rd period - Charles Hudon wins face-off versus Dylan Holloway in Wolfpack zone.
Goals for this period are 0 for Wolfpack vs 0 for Silver Tips.
Shots for this period are 11 for Wolfpack vs 13 for Silver Tips.